 Dungeon Crawl Stone Soup version 0.22.1-2-g9c5b331383 (webtiles) character file.

2170 McIrco the Blocker (level 9, -13/70 HPs)
             Began as a Minotaur Fighter on Jan 5, 2019.
             Was an Initiate of Hepliaklqana.
             Killed from afar by a deep elf mage (38 damage)
             ... with a bolt of lightning
             ... in a bailey.
             The game lasted 00:13:01 (6165 turns).

McIrco the Blocker (Minotaur Fighter)               Turns: 6165, Time: 00:13:01

Health: -13/70     AC:  8    Str: 22    XL:     9   Next: 11%
Magic:  8/8        EV:  9    Int:  5    God:    Hepliaklqana [......]
Gold:   319        SH: 12    Dex: 12    Spells: 8/8 levels left

rFire    . . .     SeeInvis .   a - +0 long sword
rCold    + . .     Gourm    .   c - +0 shield
rNeg     . . .     Faith    .   b - +0 scale mail
rPois    .         Spirit   .   (helmet restricted)
rElec    .         Reflect  .   (no cloak)
rCorr    .         Harm     .   (no gloves)
MR       .....                  (no boots)
Stlth    ..........             (no amulet)
HPRegen  0.21/turn              m - ring of protection from cold
MPRegen  0.11/turn              (no ring)

@: no status effects
A: retaliatory headbutt, reduced essence, horns 2
a: Recall Ancestor, Ancestor Identity, Renounce Religion


You were in a bailey.
You worshipped Hepliaklqana.
Hepliaklqana was noncommittal.
You were not hungry.

You visited 2 branches of the dungeon, and saw 8 of its levels.
You also visited: Bailey.

You collected 319 gold pieces.

Inventory:

Hand Weapons
 a - a +0 long sword (weapon)
 E - a +0 halberd
 F - a +0 spear
Armour
 b - a +0 scale mail (worn)
 c - a +0 shield (worn)
Jewellery
 m - a ring of protection from cold (left hand)
 r - a cursed -3 ring of intelligence {unknown}
 u - a +2 amulet of reflection {unknown}
Wands
 t - a wand of enslavement (36)
 x - a wand of paralysis (5)
 y - a wand of random effects (18)
Scrolls
 e - 13 scrolls of identify {unknown}
 h - 2 scrolls of magic mapping {unknown}
 j - 2 scrolls of teleportation {unknown}
 k - a scroll of fear {unknown}
 l - 3 scrolls of remove curse {unknown}
 o - 3 scrolls of enchant weapon {unknown}
 q - a scroll of random uselessness {unknown}
 w - 2 scrolls of noise {unknown}
 A - a scroll of amnesia {unknown}
Potions
 d - a potion of might
 g - a potion of flight {unknown}
 i - 2 potions of mutation {unknown}
 n - 3 potions of agility {unknown}
 p - a potion of resistance {unknown}
 s - a potion of cancellation {unknown}
 v - a potion of lignification {unknown}
 z - a potion of brilliance {unknown}
 B - a potion of berserk rage {unknown}
 D - a potion of degeneration {unknown}
Comestibles
 f - 9 rations


   Skills:
 + Level 6.7 Fighting
 - Level 2.4 Long Blades
 + Level 8.2 Armour
 * Level 11.4 Shields


You had 8 spell levels left.
You didn't know any spells.
Your spell library was empty.

Dungeon Overview and Level Annotations

Branches:
Dungeon (7/15)             Temple (1/1) D:4

Altars:
Ashenzari
Cheibriados
Dithmenos
Elyvilon
Fedhas
Gozag
Hepliaklqana
Kikubaaqudgha
Makhleb
Nemelex Xobeh
Qazlal
Ru
Sif Muna
Trog
Uskayaw
Vehumet
Wu Jian
Yredelemnul
The Shining One


Innate Abilities, Weirdness & Mutations

You reflexively headbutt those who attack you in melee.
You have a pair of horns on your head.
Your life essence is reduced to manifest your ancestor. (-10% HP)


Message History

The deep elf mage blinks!
The deep elf mage casts a spell at you.
The bolt of lightning hits Nolwazi.
The bolt of lightning hits you!
Nolwazi hits the deep elf mage.
The deep elf mage gestures at you while chanting.
The bolt of lightning hits Nolwazi.
Nolwazi is destroyed!
The bolt of lightning hits you!
The deep elf mage mumbles some strange words.
You hit the deep elf mage.
The deep elf mage is heavily wounded.
The deep elf mage closely misses you. You furiously retaliate!
You headbutt the deep elf mage, but do no damage.
Unknown command.
You barely miss the deep elf mage. You headbutt the deep elf mage.
The deep elf mage is heavily wounded.
The deep elf mage points at you and mumbles some strange words.
The bolt of lightning hits you! x2
Ouch! That really hurt!
You die...

.### ###.
##...# #...##
#..... .....#
#..... .....#
#...e. .....#
#..Ye#....#
#e#####
#....#e...##
#..e..#.@.).#
#.....#..∩..#
#.....#.....#
##...###...###
.######'##..##
e.
##...##....#
#.....#....#
#..∩..##..##
##...######


You could see 4 deep elf magi and an ice beast.

Vanquished Creatures
  Eustachio (D:4)
  A sky beast (D:6)
  2 ogres
  A centaur (D:5)
  3 bullfrogs
  A howler monkey (D:5)
  4 hounds
  An orc priest (D:5)
  5 orc wizards
  3 iguanas
  Ijyb (D:5)
  Natasha (twice) (D:4)
  4 worker ants
  2 hound skeletons
  A worker ant zombie (D:5)
  6 gnolls
  11 adders
  An adder zombie (D:5)
  2 worms (D:2)
  A dart slug (D:3)
  4 leopard geckos
  12 orcs
  5 giant cockroaches
  3 goblins
  10 hobgoblins
  5 quokkas
  2 ball pythons (D:3)
  7 bats
  2 frilled lizards
  9 kobolds
  A leopard gecko skeleton (D:4)
  A quokka zombie (D:6)
  6 rats
120 creatures vanquished.

Vanquished Creatures (collateral kills)
  A deep elf mage (Bailey)
  A centaur (D:6)
  A gnoll shaman (D:6)
  A gnoll (D:6)
  An adder zombie (D:7)
5 creatures vanquished.

Vanquished Creatures (others)
  An ancestor (Bailey)
1 creature vanquished.

Grand Total: 126 creatures vanquished

Notes
Turn   | Place    | Note
-------+----------+-------------------------------------------
     0 | D:1      | McIrco the Minotaur Fighter began the quest for the Orb.
     0 | D:1      | Reached XP level 1. HP: 19/19 MP: 0/0
   220 | D:1      | Reached skill level 4 in Shields
   232 | D:1      | Reached XP level 2. HP: 24/27 MP: 1/1
   614 | D:2      | Found a radiant altar of Vehumet.
   617 | D:2      | Found a bloodstained altar of Trog.
   670 | D:2      | Reached XP level 3. HP: 33/33 MP: 2/2
   851 | D:2      | Found a faded altar of an unknown god.
  1280 | D:3      | Found a snail-covered altar of Cheibriados.
  1347 | D:3      | Reached skill level 5 in Shields
  1347 | D:3      | Reached XP level 4. HP: 23/40 MP: 3/3
  1746 | D:3      | Found a sacrificial altar of Ru.
  1757 | D:3      | Reached XP level 5. HP: 44/47 MP: 4/4
  1832 | D:3      | Reached skill level 6 in Shields
  2184 | D:4      | Found a deep blue altar of Sif Muna.
  2230 | D:4      | Found a blossoming altar of Fedhas.
  2243 | D:4      | Reached skill level 5 in Armour
  2251 | D:4      | Reached XP level 6. HP: 17/53 MP: 5/5
  2512 | D:4      | Reached skill level 7 in Shields
  2691 | D:4      | Found a staircase to the Ecumenical Temple.
  2790 | Temple   | Entered the Ecumenical Temple
  3149 | D:4      | Reached skill level 5 in Fighting
  3265 | D:4      | Noticed Natasha
  3279 | D:4      | Killed Natasha
  3279 | D:4      | Reached XP level 7. HP: 46/61 MP: 6/6
  3288 | D:4      | Noticed Natasha
  3301 | D:4      | Killed Natasha
  3633 | D:4      | Found a stormy altar of Qazlal.
  3655 | D:4      | Noticed Eustachio
  3683 | D:4      | Killed Eustachio
  3683 | D:4      | Reached skill level 8 in Shields
  3700 | D:4      | Found a sparkling altar of Nemelex Xobeh.
  3858 | D:5      | Entered Level 5 of the Dungeon
  3909 | D:5      | Noticed Ijyb
  3930 | D:5      | Killed Ijyb
  4176 | D:5      | Reached skill level 9 in Shields
  4181 | D:5      | Reached XP level 8. HP: 6/70 MP: 7/7
  4186 | D:5      | HP: 3/70 [iguana (1)]
  5243 | Temple   | Became a worshipper of Hepliaklqana the Forgotten
  5780 | D:6      | Reached skill level 10 in Shields
  5785 | D:6      | Found an ancient bone altar of Kikubaaqudgha.
  5993 | D:7      | Found a flagged portal.
  6009 | Bailey   | Entered a bailey
  6015 | Bailey   | Noticed a deep elf mage
  6023 | Bailey   | Killed a deep elf mage
  6023 | Bailey   | Reached skill level 11 in Shields
  6023 | Bailey   | Reached XP level 9. HP: 52/70 MP: 8/8
  6156 | Bailey   | Noticed a deep elf mage
  6157 | Bailey   | Noticed a deep elf mage
  6157 | Bailey   | Noticed a deep elf mage
  6157 | Bailey   | Noticed a deep elf mage
  6157 | Bailey   | Noticed a deep elf mage
  6157 | Bailey   | Noticed a deep elf mage
  6165 | Bailey   | Killed from afar by a deep elf mage

Skill      XL: |  1  2  3  4  5  6  7  8 |
---------------+-------------------------+-----
Shields        | 4 5 6 7 9 11 | 11.4
Fighting       | 4 5 6 |  6.7
Armour         | 4 5 7 8 |  8.2
Long Blades    | |  2.4

Action                   |  1- 3 |  4- 6 |  7- 9 || total
-------------------------+-------+-------+-------++-------
Melee: Long sword        |    99 |   132 |   189 ||   420
       Headbutt          |     9 |    31 |    49 ||    89
 Stab: Paralysed         |       |     1 |       ||     1
       Distracted        |       |       |     1 ||     1
  Eat: Chunk             |     1 |     3 |    10 ||    14
       Ration            |       |     1 |       ||     1
Armor: Scale mail        |    53 |    40 |    80 ||   173
Dodge: Dodged            |    31 |    43 |    76 ||   150
Block: Shield            |    60 |    69 |   124 ||   253
       Rpst.: Long sword |    10 |    13 |    18 ||    41
